 Dungeon Crawl Stone Soup version 0.29.1-15-g9cfb28693d (webtiles) character file.

Game seed: 11017612006485730833

382 StoopidFlanders the Stinger (level 6, -8/44 HPs)
             Began as a Gnoll Wanderer on Apr 2, 2023.
             Killed by divine providence
             ... invoked by an orc priest
              (13 damage)
             ... on level 3 of the Dungeon.
             The game lasted 00:08:18 (2960 turns).

StoopidFlanders the Stinger (Gnoll Wanderer)        Turns: 2960, Time: 00:08:18

Health: -8/44      AC: 10    Str: 11    XL:     6   Next: 76%
Magic:  10/14      EV:  9    Int: 17    God:
Gold:   59         SH:  5    Dex:  8    Spells: 14/15 levels left

rFire   + . .      SeeInvis .   a - +0 club
rCold   . . .      Faith    .   (no shield)
rNeg    . . .      Spirit   .   c - +0 scale mail
rPois   .          Reflect  +   q - +0 helmet
rElec   .          Harm     .   (no cloak)
rCorr   .          Rampage  .   (no gloves)
Will    .....                   i - +1 pair of boots
Stlth   ..........              r - amulet of reflection
HPRegen 0.14/turn               d - ring of protection from fire
MPRegen 0.14/turn               (no ring)

@: no status effects
A: fangs 1, strong nose, distributed training
a: no special abilities


You were on level 3 of the Dungeon.
You visited 1 branch of the dungeon, and saw 3 of its levels.

You collected 59 gold pieces.

Inventory:

Hand Weapons
 a - a +0 club (weapon)
Missiles
 o - 6 boomerangs (quivered)
Armour
 c - a +0 scale mail (worn)
 i - a +1 pair of boots (worn)
 q - a +0 helmet (worn)
Jewellery
 d - a ring of protection from fire (left hand)
 l - an amulet of faith
 r - an amulet of reflection (around neck)
Wands
 h - a wand of charming (8)
 m - a wand of acid (6)
Scrolls
 b - a scroll of fear
 e - 4 scrolls of identify
 j - a scroll of amnesia {unknown}
Potions
 f - a potion of invisibility {unknown}
 k - a potion of lignification
 n - a potion of resistance {unknown}
 p - a potion of attraction {unknown}


   Skills:
 + Level 2.2 Fighting
 + Level 2.2 Short Blades
 + Level 2.2 Long Blades
 + Level 2.2 Axes
 + Level 2.2 Maces & Flails
 + Level 2.2 Polearms
 + Level 2.2 Staves
 + Level 2.2 Ranged Weapons
 + Level 3.4 Throwing
 + Level 3.4 Armour
 + Level 3.4 Dodging
 + Level 2.2 Stealth
 + Level 2.2 Shields
 + Level 2.2 Unarmed Combat
 + Level 5.4 Spellcasting
 + Level 1.7 Conjurations
 + Level 1.7 Hexes
 + Level 1.7 Summonings
 + Level 1.7 Necromancy
 + Level 1.7 Translocations
 + Level 2.8 Transmutations
 + Level 1.7 Fire Magic
 + Level 1.7 Ice Magic
 + Level 1.7 Air Magic
 + Level 1.7 Earth Magic
 + Level 5.7 Poison Magic
 + Level 2.4 Invocations
 + Level 3.4 Evocations


You had 14 spell levels left.
You knew the following spells:

 Your Spells              Type           Power      Damage    Failure   Level
a - Sting                 Tmut/Pois      76%        1d6       13%         1

Your spell library contained the following spells:

 Spells                   Type           Power      Damage    Failure   Level
 Beastly Appendage        Tmut           28%        N/A       24%         1
 Wereblood                Tmut           14%        N/A       34%         2
 Shock                    Conj/Air       40%        1d5       36%         1
 Spider Form              Tmut/Pois      19%        N/A       36%         3
 Ignite Poison            Fire/Tmut/Pois 16%        N/A       50%         3
 Mephitic Cloud           Conj/Pois/Air  15%        N/A       54%         3
 Confusing Touch          Hex            10%        N/A       73%         3
 Gell's Gravitas          Tloc           10%        N/A       73%         3
 Lesser Beckoning         Tloc           10%        N/A       73%         3
 Swiftness                Air            10%        N/A       73%         3
 Teleport Other           Tloc           10%        N/A       73%         3
 Airstrike                Air            5%         2d(1-17)  98%         4
 Yara's Violent Unravell  Hex/Tmut       6%         3d5       100%        5
 Enfeeble                 Hex            5%         N/A       100%        7


Dungeon Overview and Level Annotations

Branches:
Dungeon (3/15)

Altars:

Shops:
D:1 (


Innate Abilities, Weirdness & Mutations

You have very sharp teeth.
Your uncanny sense of smell can sniff out nearby items.
Your experience applies equally to all skills.


Message History

The kobold shouts!
The gnoll attacks as you move away! You block the gnoll's attack.
An orc priest comes into view. It is wielding a +0 mace.
The gnoll hits you but does no damage.
You kill the gnoll!
The orc priest mumbles some strange prayers to Beogh against you.
Pain shoots through your body!
The orc priest mumbles some strange prayers to Beogh against you.
You barely resist.
Casting: Sting (safe; 13% risk of failure)
Confirm with . or Enter, or press ? or * to list all spells.
Aiming: Sting (safe; 13% risk of failure)
Press: ? - help, Shift-Dir - straight line, f - orc priest
Aim: an orc priest, wielding a +0 mace and wearing a +0 leather armour (74% to hit)
The sting hits the orc priest but does no damage.
The orc priest is poisoned.
Casting: Sting (safe; 13% risk of failure)
Confirm with . or Enter, or press ? or * to list all spells.
Aiming: Sting (safe; 13% risk of failure)
Press: ? - help, Shift-Dir - straight line, f/p - orc priest
Aim: an orc priest, wielding a +0 mace and wearing a +0 leather armour (lightly wounded, poisoned, 74% to hit)
The sting hits the orc priest but does no damage.
The orc priest looks even sicker.
The orc priest is lightly wounded.
The orc priest closely misses you.
Casting: Sting (safe; 13% risk of failure)
Confirm with . or Enter, or press ? or * to list all spells.
Aiming: Sting (safe; 13% risk of failure)
Press: ? - help, Shift-Dir - straight line, f/p - orc priest
Aim: an orc priest, wielding a +0 mace and wearing a +0 leather armour (lightly wounded, very poisoned, 74% to hit)
The sting hits the orc priest but does no damage.
The orc priest looks even sicker.
The orc priest is lightly wounded.
The orc priest mumbles some strange prayers to Beogh against you.
Beogh smites you!
* * * LOW HITPOINT WARNING * * *
It was a potion of cancellation.
You feel magically purged.
The orc priest invokes the aid of Beogh against you.
Beogh smites you!
You die...

[..##....###....~~≈≈~.##....
....#.....##.....~≈≈~....###
................~≈≈~~######
..#K...###.....~~≈≈~.####.
#>...gS.......~≈≈~......
#..g.###......~≈≈~#.....
####S####......~≈≈~#.....
##....g.#......~~≈≈~......
#...!...#@#####~≈≈~~......
#.......So.# ~≈ ##.....
#.......g### #.....
#......... ##.#.##
#....####... ...#.## #....
#.#.. 8(...#. ... #....
....... #.... ∆ ....... ..
8......


You could see an orc priest (very poisoned), a gnoll and a ball python.

Vanquished Creatures
  Sigmund (D:2)
  2 orc priests (D:2)
  Natasha (thrice) (D:2)
  A gnoll (D:3)
  An adder (D:2)
  2 worms (D:2)
  5 dart slugs
  3 orcs (D:2)
  A ball python (D:1)
  7 bats
  3 endoplasms
  3 giant cockroaches (D:2)
  4 goblins
  7 hobgoblins
  3 jackals (D:2)
  A quokka (D:1)
  2 frilled lizards
  6 rats
55 creatures vanquished.

Notes
Turn   | Place    | Note
-------+----------+-------------------------------------------
     0 | D:1      | StoopidFlanders the Gnoll Wanderer began the quest for the
                  | Orb.
     0 | D:1      | StoopidFlanders set off with the following items: a +0
                  | club, a potion of lignification, a +0 scale mail; and the
                  | following spells available to memorise: Sting, Ignite
                  | Poison, Mephitic Cloud.
     0 | D:1      | Reached XP level 1. HP: 13/13 MP: 6/6
     2 | D:1      | Learned a level 1 spell: Sting
    80 | D:1      | Found Attuqiwn's Weapon Boutique.
    88 | D:1      | Reached XP level 2. HP: 19/19 MP: 7/7
   878 | D:1      | Reached skill level 5 in Spellcasting
   878 | D:1      | Reached XP level 3. HP: 25/25 MP: 7/9
  1488 | D:2      | Noticed Sigmund
  1536 | D:2      | Killed Sigmund
  1537 | D:2      | Reached skill level 1 in Fighting
  1537 | D:2      | Reached skill level 1 in Short Blades
  1537 | D:2      | Reached skill level 1 in Long Blades
  1537 | D:2      | Reached skill level 1 in Axes
  1537 | D:2      | Reached skill level 1 in Maces & Flails
  1537 | D:2      | Reached skill level 1 in Polearms
  1537 | D:2      | Reached skill level 1 in Staves
  1537 | D:2      | Reached skill level 1 in Ranged Weapons
  1537 | D:2      | Reached skill level 1 in Stealth
  1537 | D:2      | Reached skill level 1 in Shields
  1537 | D:2      | Reached skill level 1 in Unarmed Combat
  1537 | D:2      | Reached skill level 1 in Conjurations
  1537 | D:2      | Reached skill level 1 in Hexes
  1537 | D:2      | Reached skill level 1 in Summonings
  1537 | D:2      | Reached skill level 1 in Necromancy
  1537 | D:2      | Reached skill level 1 in Translocations
  1537 | D:2      | Reached skill level 1 in Fire Magic
  1537 | D:2      | Reached skill level 1 in Ice Magic
  1537 | D:2      | Reached skill level 1 in Air Magic
  1537 | D:2      | Reached skill level 1 in Earth Magic
  1537 | D:2      | Reached skill level 1 in Invocations
  1537 | D:2      | Reached XP level 4. HP: 13/33 MP: 1/11
  1537 | D:2      | Reached XP level 5. HP: 16/38 MP: 1/12
  1781 | D:2      | Noticed Natasha
  1792 | D:2      | Killed Natasha
  1793 | D:2      | Reached XP level 6. HP: 36/44 MP: 7/13
  1802 | D:2      | Noticed Natasha
  1813 | D:2      | Killed Natasha
  1833 | D:2      | Noticed Natasha
  2079 | D:2      | Killed Natasha
  2960 | D:3      | Killed from afar by an orc priest

Illustrated notes

Levels and vault maps discovered:
D:1:      spicycebolla_arrival_ecumenical, layout_rooms, serial_shops,
          nicolae_shop_bloodbath_and_beyond, st_stairs_9
D:2:      minmay_inner_zag, layout_rooms, serial_bayou_lagoon_a, uniq_natasha,
          uniq_sigmund
D:3:      wander_river, layout_rooms, general_overflow_altar,
          nicolae_wu_jian_glorious_leap, mainiacjoe_overflow_brackets,
          serial_shops, nicolae_lakefront_shop, kennysheep_crisscross,
          nicolae_figureground_pulse

Skill      XL: |  1  2  3  4  5  6 |
---------------+-------------------+-----
Transmutations | 2 |  2.8
Spellcasting   | 5 |  5.4
Fighting       | 1 2 |  2.2
Short Blades   | 1 2 |  2.2
Long Blades    | 1 2 |  2.2
Axes           | 1 2 |  2.2
Maces & Flails | 1 2 |  2.2
Polearms       | 1 2 |  2.2
Staves         | 1 2 |  2.2
Ranged Weapons | 1 2 |  2.2
Throwing       | 3 |  3.4
Armour         | 3 |  3.4
Dodging        | 3 |  3.4
Stealth        | 1 2 |  2.2
Shields        | 1 2 |  2.2
Unarmed Combat | 1 2 |  2.2
Conjurations   | 1 |  1.7
Hexes          | 1 |  1.7
Summonings     | 1 |  1.7
Necromancy     | 1 |  1.7
Translocations | 1 |  1.7
Fire Magic     | 1 |  1.7
Ice Magic      | 1 |  1.7
Air Magic      | 1 |  1.7
Earth Magic    | 1 |  1.7
Invocations    | 1 2 |  2.4
Evocations     | 3 |  3.4
Poison Magic   | |  5.7

Action                   |  1- 3 |  4- 6 || total
-------------------------+-------+-------++-------
Melee: Club              |   131 |    76 ||   207
       Bite              |    14 |     8 ||    22
       Punch             |     4 |     3 ||     7
 Cast: Sting             |    14 |    53 ||    67
  Use: Potion            |     2 |     2 ||     4
       Scroll            |     1 |     1 ||     2
Armor: Scale mail        |    99 |    58 ||   157
       Skin              |     4 |       ||     4
Dodge: Dodged            |    79 |    72 ||   151
Block: Other             |       |     2 ||     2
